 Dungeon Crawl Stone Soup version 0.22.1-6-g1668fe2 (webtiles) character file.

757 Kairos the Chopper (level 7, -2/36 HPs)
             Began as a Vine Stalker Fighter on Jan 23, 2019.
             Was an Initiate of Okawaru.
             Killed from afar by a steam dragon (9 damage)
             ... with a ball of steam
             ... on level 5 of the Dungeon.
             The game lasted 00:08:05 (4810 turns).

Kairos the Chopper (Vine Stalker Fighter)           Turns: 4810, Time: 00:08:06

Health: -2/36      AC:  9    Str: 28    XL:     7   Next: 79%
Magic:  0/8        EV:  8    Int:  8    God:    Okawaru [......]
Gold:   137        SH: 12    Dex: 13    Spells: 6/6 levels left

rFire    . . .     SeeInvis .   a - +1 war axe
rCold    . . .     Gourm    .   c - +1 shield
rNeg     . . .     Faith    .   b - +0 scale mail
rPois    .         Spirit   +   s - +0 helmet
rElec    .         Reflect  .   (no cloak)
rCorr    +         Harm     .   t - +0 pair of gloves
MR       .....                  (no boots)
Stlth    ..........             (no amulet)
HPRegen  0.52/turn              g - +2 ring of strength
MPRegen  0.11/turn              o - ring of resist corrosion

@: mighty
A: fangs 2, regeneration 1, magic shield, antimagic bite, no potion heal 3, rot
immunity
a: Renounce Religion


You were on level 5 of the Dungeon.
You worshipped Okawaru.
Okawaru was noncommittal.
You were not hungry.

You visited 2 branches of the dungeon, and saw 6 of its levels.
You also visited: Sewer.

You collected 137 gold pieces.

Inventory:

Hand Weapons
 a - a +1 war axe (weapon)
Armour
 b - a +0 scale mail (worn)
 c - a +1 shield (worn)
 s - a +0 helmet (worn)
 t - a +0 pair of gloves (worn)
Jewellery
 g - a +2 ring of strength (left hand)
 o - a ring of resist corrosion (right hand)
Wands
 e - a wand of random effects (7)
Scrolls
 m - a scroll of enchant weapon
 n - a scroll of acquirement
 q - 2 scrolls of magic mapping
 r - 4 scrolls of teleportation
 v - a scroll of identify
 w - 3 scrolls of blinking
 y - a scroll of remove curse
Potions
 h - 2 potions of lignification {unknown}
 i - 2 potions of curing {unknown}
 j - a potion of magic {unknown}
 k - 2 potions of agility {unknown}
 l - 3 potions of haste {unknown}
 p - 3 potions of mutation {unknown}
 u - a potion of flight {unknown}
Comestibles
 f - 7 rations


   Skills:
 + Level 3.5 Fighting
 + Level 4.9 Axes
 + Level 3.6 Armour
 + Level 1.4 Dodging
 + Level 1.2 Stealth
 + Level 4.8 Shields
 + Level 0.1 Evocations


You had 6 spell levels left.
You didn't know any spells.
Your spell library was empty.

Dungeon Overview and Level Annotations

Branches:
Dungeon (5/15)             Temple (1/1) D:4

Altars:
Elyvilon
Kikubaaqudgha
Makhleb
Nemelex Xobeh
Okawaru
Qazlal
Vehumet
Xom
Yredelemnul

Annotations:
D:5 Sigmund


Innate Abilities, Weirdness & Mutations

You have extremely sharp teeth.
Your natural rate of healing is unusually fast.
When hurt, damage is shared between your health and your magic reserves.
Your bite disrupts and absorbs the magic of your enemies.
Potions cannot restore your health.
You are immune to rotting.


Message History

You drain its power.
You feel invigorated.
The steam dragon is heavily wounded.
You slash the steam dragon! You slash the fungus! You hit the fungus.
The steam dragon bites you. You block the steam dragon's attack.
The steam dragon breathes steam at you. The ball of steam hits you!
The steam dragon bites you but does no damage.
The steam dragon closely misses you.
You slash the steam dragon!
You bite the steam dragon, but do no damage.
The steam dragon is severely wounded.
You hit the fungus. You slash the fungus! You hit the steam dragon.
You are engulfed in a cloud of scalding steam.
The steam dragon bites you!
* * * LOW HITPOINT WARNING * * *
You block the steam dragon's attack. x2; The steam dragon barely misses you. x2
The steam dragon claws you but does no damage.
The steam dragon breathes steam at you. The ball of steam hits you!
You die...

.#######.#......#..##...#.#.#.###
.# #.#.######.≈##.....<......
'### #.#.# ##.P##.#.#.#######
...# #.#.# #..≈##............
...#####.#+## #..P##...#.#######
............# #..P###..#.#
#########...# #≈.^# #)>#.#######
#...# #≈.§# ##.#.#...... #...#
#@§P# #.#.'...... ##'## #.DDP≈#
#.###...... ##### #[# #^P..P.##.#
#...<.. ....# #.# #P.....P≈#.#
####### ....# #.# #≈≈....P≈#.#
....# #.# ##≈....PP#.#
....######'####....≈≈##.#
....##.......####^P≈###.#
....##.......##########.#


You could see 2 steam dragons.

Vanquished Creatures
  An ice beast (D:5)
  A phantom (D:5)
  A bullfrog (Sewer)
  A scorpion (D:4)
  A hound (D:5)
  A bullfrog skeleton (D:4)
  An orc wizard (D:5)
  Ijyb (D:4)
  14 adders
  3 gnolls (D:5)
  12 oozes
  A worm (D:3)
  20 leopard geckos
  8 orcs
  8 giant cockroaches
  13 goblins
  6 hobgoblins
  3 jackals (D:2)
  A quokka (D:2)
  15 ball pythons
  8 bats
  10 frilled lizards
  9 kobolds
  A quokka skeleton (D:4)
  7 rats
147 creatures vanquished.

Notes
Turn   | Place    | Note
-------+----------+-------------------------------------------
     0 | D:1      | Kairos the Vine Stalker Fighter began the quest for the
                  | Orb.
     0 | D:1      | Reached XP level 1. HP: 11/11 MP: 2/2
   155 | D:1      | Reached XP level 2. HP: 16/16 MP: 3/3
   660 | D:2      | Reached XP level 3. HP: 19/20 MP: 4/4
  1100 | D:2      | Found a faded altar of an unknown god.
  1379 | D:2      | Gained mutation: Your natural rate of healing is unusually
                  | fast. [Vine Stalker growth]
  1379 | D:2      | Reached XP level 4. HP: 18/24 MP: 5/5
  2003 | D:3      | Reached XP level 5. HP: 25/28 MP: 4/6
  2018 | D:3      | Found a glowing drain.
  2029 | Sewer    | Entered a sewer
  2261 | Sewer    | Reached skill level 1 in Dodging
  2267 | Sewer    | Reached XP level 6. HP: 32/32 MP: 7/7
  2995 | D:3      | Identified a scroll of acquirement
  3295 | D:4      | Found a staircase to the Ecumenical Temple.
  3317 | Temple   | Entered the Ecumenical Temple
  3351 | Temple   | Became a worshipper of Warmaster Okawaru
  3381 | D:4      | Noticed Ijyb
  3399 | D:4      | Killed Ijyb
  3481 | D:4      | Reached XP level 7. HP: 36/36 MP: 8/8
  4120 | D:5      | Entered Level 5 of the Dungeon
  4333 | D:5      | Reached skill level 1 in Stealth
  4423 | D:5      | Noticed Sigmund
  4745 | D:5      | Found a stormy altar of Qazlal.
  4802 | D:5      | Noticed a steam dragon
  4803 | D:5      | Noticed a steam dragon
  4810 | D:5      | Killed from afar by a steam dragon

Skill      XL: |  1  2  3  4  5  6  7 |
---------------+----------------------+-----
Axes           | 2 3 4 |  4.9
Fighting       | 3 |  3.5
Shields        | 3 4 |  4.8
Armour         | 3 |  3.6
Dodging        | 1 |  1.4
Stealth        | 1 |  1.2
Evocations     | |  0.1

Action                   |  1- 3 |  4- 6 |  7- 9 || total
-------------------------+-------+-------+-------++-------
Melee: War axe           |    75 |   312 |    54 ||   441
       Bite              |    10 |    67 |    13 ||    90
Evoke: Wand              |       |       |     5 ||     5
  Use: Scroll            |     1 |    10 |       ||    11
       Potion            |       |       |     1 ||     1
  Eat: Chunk             |     1 |     8 |       ||     9
       Ration            |       |       |     2 ||     2
Armor: Scale mail        |    33 |   162 |    18 ||   213
Dodge: Dodged            |    20 |    98 |    17 ||   135
Block: Shield            |    46 |   193 |    23 ||   262
